NWL (28 & UNDER)
BISMARCK BARONS @ BALZAC RAMS
07/03/2027
 
TOP OF THE 1ST
Bismarck Barons batting - Pitching for Balzac Rams : LHP José Gallegos
Pitching: LHP José Gallegos
Batting: LHB John Frost 0-0: Ball
1-0: Ball
2-0: Called Strike
2-1: Foul Ball, location: 2F
2-2: Foul Ball, location: 2F
2-2: Ball
3-2: Foul Ball, location: 2F
3-2: Hit by Pitch
Batting: LHB Jesús Bueno 0-0: Ball
1-0: Swinging Strike
1-1: Ground out 4-3 (Groundball, 34D)
John Frost to second
Batting: RHB Michael Thomas 0-0: Called Strike
0-1: Swinging Strike
0-2: Strikes out swinging
Batting: RHB Esteban Lara 0-0: Ball
1-0: Called Strike
1-1: Ball
2-1: Ground out 6-3 (Groundball, 6)
Top of the 1st over - 0 run(s), 0 hit(s), 0 error(s), 1 left on base; Bismarck 0 - Balzac 0
BOTTOM OF THE 1ST
Balzac Rams batting - Pitching for Bismarck Barons : RHP Orlando Trinidad
Pitching: RHP Orlando Trinidad
Batting: RHB Tomás Díaz 0-0: Ball
1-0: Called Strike
1-1: TRIPLE (Flyball, 9)
Batting: RHB Brian Parks 0-0: Ball
1-0: Ball
2-0: Swinging Strike
2-1: Foul Ball, location: 2F
2-2: Strikes out swinging
Batting: LHB Fernando Cruz 0-0: Called Strike
0-1: Ground out 1-3 (Groundball, 15S)
Batting: LHB Daniel Carter 0-0: Ball
1-0: Ball
2-0: Swinging Strike
2-1: Ball
3-1: Called Strike
3-2: Base on Balls
Batting: RHB Jeff Stevenson 0-0: Ball
1-0: Called Strike
1-1: Ball
2-1: Ball
3-1: Foul Ball, location: 2F
3-2: Foul Ball, location: 2F
3-2: Ground out 5-3 (Groundball, 56S)
Bottom of the 1st over - 0 run(s), 1 hit(s), 0 error(s), 2 left on base; Bismarck 0 - Balzac 0
TOP OF THE 2ND
Bismarck Barons batting - Pitching for Balzac Rams : LHP José Gallegos
Batting: RHB Roberto García 0-0: Called Strike
0-1: DOUBLE (Line Drive, 7D)
Batting: SHB Jeff Chambers 0-0: Ball
1-0: Ball
2-0: Swinging Strike
2-1: Foul Ball, location: 2F
2-2: Ball
3-2: Base on Balls
Batting: RHB Pancho Torres 0-0: Ball
1-0: Ball
2-0: SINGLE (Line Drive, 9S)
Roberto García to third
Jeff Chambers to second
Batting: RHB Jon Krohne 0-0: Swinging Strike
0-1: Ball
1-1: Ball
Wild Pitch!
Roberto García scores
Jeff Chambers to third
Pancho Torres to second
2-1: Foul Ball, location: 2F
2-2: Foul Ball, location: 2F
2-2: Strikes out looking
Batting: LHB Jorge Fernández 0-0: Ball
1-0: Fly out, F5 (Popup, 5L)
Batting: LHB John Frost 0-0: Ball
1-0: Ball
2-0: Called Strike
2-1: Ground out 6-3 (Groundball, 56)
Top of the 2nd over - 1 run(s), 2 hit(s), 0 error(s), 2 left on base; Bismarck 1 - Balzac 0
BOTTOM OF THE 2ND
Balzac Rams batting - Pitching for Bismarck Barons : RHP Orlando Trinidad
Batting: RHB Enrique Castillo 0-0: Ground out 4-3 (Groundball, 4)
Batting: RHB Félix Quintero 0-0: Ball
1-0: Ball
2-0: Called Strike
2-1: Ball
3-1: Foul Ball, location: 2F
3-2: Base on Balls
Batting: RHB Ricardo Muñóz 0-0: Called Strike
0-1: Called Strike
0-2: Foul Ball, location: 2F
0-2: Ball
1-2: Foul Ball, location: 2F
1-2: Ball
2-2: Foul Ball, location: 2F
2-2: Fly out, F9 (Flyball, 9LM)
Batting: RHB Jason Ward 0-0: Ball
1-0: Foul Ball, location: 2F
1-1: Foul Ball, location: 2F
1-2: Ball
2-2: Fielders Choice at 2nd, 5-4 (Groundball, 56)
Bottom of the 2nd over - 0 run(s), 0 hit(s), 0 error(s), 0 left on base; Bismarck 1 - Balzac 0
TOP OF THE 3RD
Bismarck Barons batting - Pitching for Balzac Rams : LHP José Gallegos
Batting: LHB Jesús Bueno 0-0: Fly out, F7 (Flyball, 7)
Batting: RHB Michael Thomas 0-0: Ball
1-0: SINGLE (Flyball, 7LS)
Batting: RHB Esteban Lara 0-0: Ball
1-0: Ball
2-0: Ball
3-0: Called Strike
3-1: SINGLE (Flyball, 9S)
Michael Thomas to second
Runner from 2nd tries for 3rd, SAFE, throw made to third
Esteban Lara to second
Batting: RHB Roberto García 0-0: Ball
1-0: Ball
Passed Ball!
Michael Thomas scores
Esteban Lara to third
2-0: Ball
3-0: Called Strike
3-1: Called Strike
3-2: Base on Balls
Batting: SHB Jeff Chambers 0-0: Foul Ball, location: 2F
0-1: Called Strike
0-2: Ball
1-2: Ball
2-2: Ball
3-2: Foul Ball, location: 2F
3-2: SINGLE (Groundball, 6D)
Esteban Lara scores
Roberto García to second
Batting: RHB Pancho Torres 0-0: Ball
1-0: Fly out, F9 (Flyball, 9S)
Batting: RHB Jon Krohne 0-0: Swinging Strike
0-1: Ball
1-1: Swinging Strike
1-2: Ball
2-2: Strikes out swinging
Top of the 3rd over - 2 run(s), 3 hit(s), 0 error(s), 2 left on base; Bismarck 3 - Balzac 0
BOTTOM OF THE 3RD
Balzac Rams batting - Pitching for Bismarck Barons : RHP Orlando Trinidad
Batting: RHB Tomás Díaz 0-0: Ball
1-0: Ball
2-0: SOLO HOME RUN (Flyball, 7D), Distance : 413 ft
Batting: RHB Brian Parks 0-0: Swinging Strike
0-1: Foul Ball, location: 2F
0-2: Ball
1-2: Foul Ball, location: 2F
1-2: Ball
2-2: Strikes out swinging
Batting: LHB Fernando Cruz 0-0: Fly out, F8 (Flyball, 8RM)
Batting: LHB Daniel Carter 0-0: Ball
1-0: Swinging Strike
1-1: Ball
2-1: Ball
3-1: Foul Ball, location: 2F
3-2: Fly out, F8 (Flyball, 8RD)
Bottom of the 3rd over - 1 run(s), 1 hit(s), 0 error(s), 0 left on base; Bismarck 3 - Balzac 1
TOP OF THE 4TH
Bismarck Barons batting - Pitching for Balzac Rams : LHP José Gallegos
Batting: LHB Jorge Fernández 0-0: Ball
1-0: Called Strike
1-1: Foul Ball, location: 2F
1-2: Strikes out swinging
Batting: LHB John Frost 0-0: Ball
1-0: Ball
2-0: SINGLE (Line Drive, 6D)
Batting: LHB Jesús Bueno 0-0: Ball
1-0: Foul Ball, location: 2F
1-1: Ball
2-1: Foul Ball, location: 2F
2-2: Ball
3-2: SINGLE (Groundball, 34D)
John Frost to second
John Frost to third
Batting: RHB Michael Thomas 0-0: Ball
1-0: Swinging Strike
1-1: Fly out, F4 (Popup, 4D)
Batting: RHB Esteban Lara 0-0: Called Strike
0-1: Ball
1-1: Ball
2-1: Ground out 4-3 (Groundball, 4MS)
Top of the 4th over - 0 run(s), 2 hit(s), 0 error(s), 2 left on base; Bismarck 3 - Balzac 1
BOTTOM OF THE 4TH
Balzac Rams batting - Pitching for Bismarck Barons : RHP Orlando Trinidad
Batting: RHB Jeff Stevenson 0-0: Reached on error, E5 (Groundball, 5)
Batting: RHB Enrique Castillo 0-0: Ground out 4-3 (Groundball, 4)
Jeff Stevenson to third
Batting: RHB Félix Quintero 0-0: Ball
1-0: Called Strike
1-1: DOUBLE (Flyball, 9D)
Jeff Stevenson scores
Batting: RHB Ricardo Muñóz 0-0: Foul Ball, location: 2F
0-1: Ball
1-1: Ball
2-1: Swinging Strike
2-2: Ground out 1-3 (Groundball, 15S)
Batting: RHB Jason Ward 0-0: Ball
1-0: Called Strike
1-1: Swinging Strike
1-2: Strikes out swinging
Bottom of the 4th over - 1 run(s), 1 hit(s), 1 error(s), 1 left on base; Bismarck 3 - Balzac 2
TOP OF THE 5TH
Bismarck Barons batting - Pitching for Balzac Rams : LHP José Gallegos
Batting: RHB Roberto García 0-0: Ball
1-0: Ball
2-0: Called Strike
2-1: Ball
3-1: Called Strike
3-2: Foul Ball, location: 2F
3-2: DOUBLE (Line Drive, 7LM)
Pitching: RHP José Cota
Batting: SHB Jeff Chambers 0-0: Foul Ball, location: 2F
0-1: Foul Ball, location: 2F
0-2: Strikes out swinging
Batting: RHB Pancho Torres 0-0: Ball
1-0: Ball
2-0: Foul Ball, location: 2F
2-1: Ball
3-1: Base on Balls
Batting: RHB Jon Krohne 0-0: Swinging Strike
0-1: Ball
1-1: Foul Ball, location: 2F
1-2: Ball
2-2: Grounds into double play, 5-4-3 (Groundball, 56)
Top of the 5th over - 0 run(s), 1 hit(s), 0 error(s), 1 left on base; Bismarck 3 - Balzac 2
BOTTOM OF THE 5TH
Balzac Rams batting - Pitching for Bismarck Barons : RHP Orlando Trinidad
Batting: RHB Tomás Díaz 0-0: Fly out, F8 (Flyball, 89S)
Batting: RHB Brian Parks 0-0: Ball
1-0: Swinging Strike
1-1: Foul Ball, location: 2F
1-2: Strikes out swinging
Batting: LHB Fernando Cruz 0-0: Called Strike
0-1: Foul Ball, location: 2F
0-2: Ball
1-2: Strikes out swinging
Bottom of the 5th over - 0 run(s), 0 hit(s), 0 error(s), 0 left on base; Bismarck 3 - Balzac 2
TOP OF THE 6TH
Bismarck Barons batting - Pitching for Balzac Rams : RHP José Cota
Batting: LHB Jorge Fernández 0-0: Called Strike
0-1: Swinging Strike
0-2: Ball
1-2: Strikes out looking
Batting: LHB John Frost 0-0: Called Strike
0-1: Ball
1-1: Foul Ball, location: 2F
1-2: Foul Ball, location: 2F
1-2: Ball
2-2: Fly out, F7 (Flyball, 7LS)
Batting: LHB Jesús Bueno 0-0: Ball
1-0: Foul Ball, location: 2F
1-1: Ball
2-1: Swinging Strike
2-2: Ball
3-2: Base on Balls
Batting: RHB Michael Thomas 0-0: Foul Ball, location: 2F
0-1: TRIPLE (Line Drive, 9LS)
Jesús Bueno scores
Batting: RHB Esteban Lara 0-0: Ball
1-0: Called Strike
1-1: Ball
2-1: Called Strike
2-2: Strikes out swinging
Top of the 6th over - 1 run(s), 1 hit(s), 0 error(s), 1 left on base; Bismarck 4 - Balzac 2
BOTTOM OF THE 6TH
Balzac Rams batting - Pitching for Bismarck Barons : RHP Orlando Trinidad
Pitching: LHP Christiano Gomes
Batting: LHB Daniel Carter 0-0: Ball
1-0: Called Strike
1-1: Ball
2-1: Ball
3-1: Foul Ball, location: 2F
3-2: Base on Balls
Batting: RHB Jeff Stevenson 0-0: Foul Ball, location: 2F
0-1: Ball
1-1: Swinging Strike
1-2: Strikes out swinging
Batting: RHB Enrique Castillo 0-0: Ball
1-0: Swinging Strike
Pickoff Throw to First - Out!
1-1: Ball
2-1: Called Strike
2-2: Strikes out swinging
Bottom of the 6th over - 0 run(s), 0 hit(s), 0 error(s), 0 left on base; Bismarck 4 - Balzac 2
TOP OF THE 7TH
Bismarck Barons batting - Pitching for Balzac Rams : RHP José Cota
Batting: RHB Roberto García 0-0: Ball
1-0: Swinging Strike
1-1: Foul Ball, location: 2F
1-2: Foul Ball, location: 2F
1-2: Strikes out swinging
Batting: SHB Jeff Chambers 0-0: Called Strike
0-1: Ball
1-1: Swinging Strike
1-2: Ball
2-2: Foul Ball, location: 2F
2-2: Strikes out swinging
Batting: RHB Pancho Torres 0-0: Fly out, F7 (Flyball, 78S)
Top of the 7th over - 0 run(s), 0 hit(s), 0 error(s), 0 left on base; Bismarck 4 - Balzac 2
BOTTOM OF THE 7TH
Balzac Rams batting - Pitching for Bismarck Barons : LHP Christiano Gomes
Batting: RHB Félix Quintero 0-0: Ball
1-0: Ball
2-0: Called Strike
2-1: Ball
3-1: Base on Balls
Batting: RHB Ricardo Muñóz 0-0: Ball
1-0: Sac Bunt - play at first, batter OUT! 1-3
Félix Quintero to second
Batting: RHB Jason Ward 0-0: Foul Ball, location: 2F
0-1: Ball
1-1: Foul Ball, location: 2F
1-2: DOUBLE (Line Drive, 7LM)
Félix Quintero scores
Batting: RHB Tomás Díaz 0-0: Ground out 6-3 (Groundball, 6)
Jason Ward to third
Batting: RHB Brian Parks 0-0: Ground out 1-3 (Groundball, P)
Bottom of the 7th over - 1 run(s), 1 hit(s), 0 error(s), 1 left on base; Bismarck 4 - Balzac 3
TOP OF THE 8TH
Bismarck Barons batting - Pitching for Balzac Rams : RHP José Cota
Batting: RHB Jon Krohne 0-0: Ball
1-0: Called Strike
1-1: Foul Ball, location: 2F
1-2: Strikes out swinging
Pitching: LHP Martin Balsano
Batting: LHB Jorge Fernández 0-0: Ball
1-0: Ball
2-0: Fly out, F4 (Popup, 4D)
Batting: LHB John Frost 0-0: Foul Ball, location: 2F
0-1: Ball
1-1: Foul Ball, location: 2F
1-2: Single, Error in OF, E9, batter to second base
Pitching: RHP John Harris
Batting: LHB Jesús Bueno 0-0: Called Strike
0-1: Ball
1-1: Swinging Strike
1-2: Ball
2-2: Ball
3-2: Foul Ball, location: 2F
3-2: Base on Balls
Batting: RHB Michael Thomas 0-0: Ball
1-0: Fly out, F7 (Flyball, 7)
Top of the 8th over - 0 run(s), 1 hit(s), 1 error(s), 2 left on base; Bismarck 4 - Balzac 3
BOTTOM OF THE 8TH
Balzac Rams batting - Pitching for Bismarck Barons : LHP Christiano Gomes
Batting: LHB Fernando Cruz 0-0: SINGLE (Flyball, 8LS)
Pinch Hitting: RHB Tommy Wilson 0-0: Foul Ball, location: 2F
0-1: Swinging Strike
0-2: Foul Ball, location: 2F
0-2: Strikes out swinging
Pitching: RHP Wilson Molina
Batting: RHB Jeff Stevenson 0-0: Called Strike
0-1: Ball
1-1: Ball
2-1: Ball
3-1: Foul Ball, location: 2F
3-2: Foul Ball, location: 2F
3-2: Grounds into double play, 5-4-3 (Groundball, 56)
Bottom of the 8th over - 0 run(s), 1 hit(s), 0 error(s), 0 left on base; Bismarck 4 - Balzac 3
TOP OF THE 9TH
Bismarck Barons batting - Pitching for Balzac Rams : RHP John Harris
Pitching: LHP Nick Johnson
Now in CF: Luis Suárez
Batting: RHB Esteban Lara 0-0: Foul Ball, location: 2F
0-1: Ball
1-1: Ball
2-1: Foul Ball, location: 2F
2-2: Strikes out swinging
Batting: RHB Roberto García 0-0: Foul Ball, location: 2F
0-1: Ball
1-1: Ball
2-1: Ball
3-1: Foul Ball, location: 2F
3-2: Foul Ball, location: 2F
3-2: Foul Ball, location: 2F
3-2: Foul Ball, location: 2F
3-2: Ground out 5-3 (Groundball, 5)
Batting: SHB Jeff Chambers 0-0: Called Strike
0-1: Ball
1-1: Ball
2-1: Ball
3-1: Called Strike
3-2: Foul Ball, location: 2F
3-2: Base on Balls
Pinch Hitting: RHB Seiji Kouno 0-0: Ball
1-0: Swinging Strike
1-1: Fly out, F9 (Flyball, 89XD)
Top of the 9th over - 0 run(s), 0 hit(s), 0 error(s), 1 left on base; Bismarck 4 - Balzac 3
BOTTOM OF THE 9TH
Balzac Rams batting - Pitching for Bismarck Barons : RHP Wilson Molina
Pitching: RHP Gene McNeil
Now at 1B: Seiji Kouno
Batting: RHB Enrique Castillo 0-0: Ground out 1-3 (Groundball, 13S)
Batting: RHB Félix Quintero 0-0: Foul Ball, location: 2F
0-1: Called Strike
0-2: Foul Ball, location: 2F
0-2: Foul Ball, location: 2F
0-2: Ball
1-2: Ball
2-2: Ball
3-2: Ground out 1-3 (Groundball, 13S)
Batting: RHB Ricardo Muñóz 0-0: Swinging Strike
0-1: Called Strike
0-2: Foul Ball, location: 2F
0-2: Foul Ball, location: 2F
0-2: Strikes out swinging
Bottom of the 9th over - 0 run(s), 0 hit(s), 0 error(s), 0 left on base; Bismarck 4 - Balzac 3
Thursday, March 30th, 2017 - OOTP Baseball 17.12 Build 75